 Dungeon Crawl Stone Soup version 0.26-a0-651-gb41185065b (webtiles) character file.

Game seed: 13059990620739207252

429076 gbos the Slayer (level 22, -1/361 (363) HPs)
             Began as a Deep Dwarf Fighter on Oct 14, 2020.
             Was the Champion of Makhleb.
             Slain by an azure jelly (2 damage)
             ... created by the Royal Jelly
             ... on level 5 of the Pits of Slime.
             The game lasted 02:00:17 (41813 turns).

gbos the Slayer (Deep Dwarf Fighter)               Turns: 41813, Time: 02:00:18

HP:   -1/361 (363)  AC: -5    Str: 34    XL:     22   Next: 48%
MP:   8/12          EV: 13    Int: 13    God:    Makhleb [******]
Gold: 3037          SH: 16    Dex: 10    Spells: 21/21 levels left

rFire    + . .     SeeInvis .   a - +7 war axe of Superiority {speed, rC+ rN+}
rCold    + + .     Faith    .   K - +1 kite shield of Responsibility {Slay+3}
rNeg     + + .     Spirit   .   Z - +9 plate armour {ponderous}
rPois    +         Reflect  .   z - +0 helmet of Beyond {rPois rC+ Str+4} (curse)
rElec    .         Harm     .   g - scarf {repulsion}
rCorr    .         Rampage  .   l - +2 pair of gloves
MR       +++..     Rnd*Rage +   y - +2 pair of boots
Stlth    ..........             (no amulet)
HPRegen  0.00/turn              J - ring of Fitreh {rF+ Str+6}
MPRegen  0.13/turn              G - +4 ring of evasion

@: berserking, corroded, non-regenerating, hasted, repel missiles, very quick
A: damage resistance, heal wounds, berserk 1, clumsy 1, deformed body, low mp 2,
negative energy resistance 1, sense surroundings 3, screaming 1, weak 1, no
regeneration
}: 3/15 runes: serpentine, barnacled, silver
a: Heal Wounds, Minor Destruction, Lesser Servant of Makhleb, Major Destruction,
Greater Servant of Makhleb, Renounce Religion


You were on level 5 of the Pits of Slime.
You worshipped Makhleb.
Makhleb was exalted by your worship.
You visited 9 branches of the dungeon, and saw 45 of its levels.
You visited 1 bazaar.
You also visited: Gauntlet.

You collected 5197 gold pieces.
You spent 2160 gold pieces at shops.


Innate Abilities, Weirdness & Mutations

You are resistant to damage.
You can heal yourself by infusing magical energy.
You resist negative energy. (rN+)
You passively map a large area around you.
You do not regenerate.
You tend to lose your temper in combat.
You are clumsy. (Dex -2)
Armour fits poorly on your strangely shaped body.
Your magical capacity is very low. (-20% MP)
You occasionally shout uncontrollably at your foes.
You are weak. (Str -2)


   Skills:
 + Level 23.8 Fighting
 - Level 20.0 Axes
 - Level 16.0 Armour
 - Level 15.0 Shields
 - Level 16.0 Invocations
 - Level 6.0 Evocations


You had 21 spell levels left.
You didn't know any spells.
Your spell library contained the following spells:

 Spells                   Type           Power        Failure   Level
 Animate Skeleton         Necr           #.....       78%         1
 Apportation              Tloc           #.....       78%         1
 Beastly Appendage        Tmut           #.....       78%         1
 Corona                   Hex            #......      78%         1
 Freeze                   Ice            #...         78%         1
 Sting                    Tmut/Pois      #...         78%         1
 Summon Small Mammal      Summ           #...         78%         1
 Blink                    Tloc           N/A          89%         2
 Call Imp                 Summ           #.......     89%         2
 Corpse Rot               Necr/Air       N/A          89%         2
 Ensorcelled Hibernation  Hex/Ice        #.....       89%         2
 Poisonous Vapours        Pois/Air       #.....       89%         2
 Sublimation of Blood     Necr           #.........   89%         2
 Wereblood                Tmut           #.......     89%         2
 Call Canine Familiar     Summ           #.......     98%         3
 Confusing Touch          Hex            #.......     98%         3
 Conjure Flame            Conj/Fire      #.......     98%         3
 Dazzling Flash           Conj/Hex       #.....       98%         3
 Frozen Ramparts          Ice            #.....       98%         3
 Gell's Gravitas          Tloc           #.........   98%         3
 Ignite Poison            Fire/Tmut/Pois #.......     98%         3
 Lesser Beckoning         Tloc           #.........   98%         3
 Mephitic Cloud           Conj/Pois/Air  #.......     98%         3
 Spider Form              Tmut/Pois      #.........   98%         3
 Static Discharge         Conj/Air       #.......     98%         3
 Summon Guardian Golem    Hex/Summ       #.......     98%         3
 Teleport Other           Tloc           #.......     98%         3
 Tukima's Dance           Hex            #.......     98%         3
 Animate Dead             Necr           #.........   100%        4
 Dispel Undead            Necr           #.......     100%        4
 Hailstorm                Conj/Ice       #.......     100%        4
 Ice Form                 Ice/Tmut       #.......     100%        4
 Olgreb's Toxic Radiance  Pois           #.......     100%        4
 Passage of Golubria      Tloc           N/A          100%        4
 Petrify                  Tmut/Erth      #.......     100%        4
 Summon Ice Beast         Ice/Summ       #.......     100%        4
 Summon Lightning Spire   Summ/Air       #.......     100%        4
 Agony                    Necr           #.......     100%        5
 Alistair's Intoxication  Tmut/Pois      #........    100%        5
 Blade Hands              Tmut           #.........   100%        5
 Bolt of Magma            Conj/Fire/Erth #.........   100%        5
 Borgnjor's Vile Clutch   Necr/Erth      #.........   100%        5
 Excruciating Wounds      Necr           #.........   100%        5
 Iskenderun's Battlesphe  Conj           #.......     100%        5
 Lightning Bolt           Conj/Air       #.........   100%        5
 Metabolic Englaciation   Hex/Ice        #.........   100%        5
 Yara's Violent Unravell  Hex/Tmut       #.........   100%        5
 Death Channel            Necr           #.........   100%        6
 Freezing Cloud           Conj/Ice/Air   #.........   100%        6
 Invisibility             Hex            #.......     100%        6
 Iron Shot                Conj/Erth      #.........   100%        6
 Ozocubu's Refrigeration  Ice            #.........   100%        6
 Simulacrum               Ice/Necr       #.........   100%        6
 Orb of Destruction       Conj           #.........   100%        7
 Spellforged Servitor     Conj/Summ      #.........   100%        7
 Ignition                 Fire           #.........   100%        8
 Shatter                  Erth           #.........   100%        9
 Tornado                  Air            #.........   100%        9

Inventory:

Hand Weapons
 a - the +7 war axe of Superiority (weapon) {speed, rC+ rN+} Attacks with this weapon are significantly faster. It protects you from cold. It protects you from negative energy.
 b - a +0 hand crossbow
 u - a +6 broad axe of flaming
 U - a +5 battleaxe of electrocution
 V - the +8 long sword of Fragile Peace {antimagic, rPois rN+ MR+++ Str-5}

   It reduces the magical energy of the wielder, and disrupts the spells and
   magical abilities of those hit.
   Natural abilities and divine invocations are not affected.
   It affects your strength (-5).
   It protects you from poison.
   It protects you from negative energy.
   It affects your resistance to hostile enchantments.
Missiles
 c - 2 throwing nets {=f}
 D - 1218 bolts
Armour
 g - a scarf of repulsion (worn)
 l - a +2 pair of gloves (worn)
 y - a +2 pair of boots (worn)
 z - the cursed +0 helmet of Beyond (worn) {rPois rC+ Str+4}

   It affects your strength (+4).
   It protects you from cold.
   It protects you from poison.
   It has a curse placed upon it.
 A - the +0 mask of the Dragon {MR+ Slay+3 SInv}

   It affects your accuracy and damage with ranged weapons and melee attacks
   (+3).
   It affects your resistance to hostile enchantments.
   It lets you see invisible.
 K - the +1 kite shield of Responsibility (worn) {Slay+3}

   It affects your accuracy and damage with ranged weapons and melee attacks
   (+3).
 Z - a +9 plate armour of ponderousness (worn)
Jewellery
 m - an uncursed ring of protection from cold
 x - an uncursed ring of protection from fire
 B - an uncursed ring of flight
 G - a +4 ring of evasion (right hand)
 J - the ring of Fitreh (left hand) {rF+ Str+6}

   [ring of protection from fire]

   It affects your strength (+6).
   It protects you from fire.
 R - an uncursed ring of positive energy
Wands
 d - a wand of enslavement (11)
 q - a wand of iceblast (40)
 s - a wand of disintegration (90)
 C - a wand of paralysis (20)
 I - a wand of digging (5)
 M - a wand of flame (88)
 O - a wand of polymorph (19)
 S - a wand of acid (41)
Scrolls
 f - 22 scrolls of teleportation {@r4}
 k - 6 scrolls of enchant weapon
 o - 36 scrolls of remove curse
 r - 10 scrolls of identify {@r1}
 t - a scroll of summoning
 v - 6 scrolls of enchant armour
 E - 7 scrolls of fog
 H - 2 scrolls of silence {!r}
 L - 7 scrolls of magic mapping
 P - 5 scrolls of blinking
 Q - 8 scrolls of fear
 Y - a scroll of holy word
Potions
 e - 8 potions of flight
 h - 15 potions of curing {@q1}
 i - 10 potions of heal wounds {@q2}
 j - a potion of ambrosia
 n - 4 potions of brilliance
 p - 3 potions of berserk rage {!q}
 w - 8 potions of lignification {!q}
 F - 5 potions of might
 N - 3 potions of haste {@q3}
 T - 2 potions of invisibility
 W - 3 potions of cancellation

Dungeon Overview and Level Annotations

Branches:
Dungeon (15/15)            Temple (1/1) D:5            Lair (6/6) D:9
 Shoals (4/4) Lair:4        Snake (4/4) Lair:2        Slime (5/5) Lair:5
    Orc (2/2) D:9             Elf (3/3) Orc:2        Vaults (5/5) D:13
  Crypt (0/3) Vaults:2     Depths (0/5) D:15        Gauntlet (visited)

Altars:
Ashenzari
Cheibriados
Dithmenos
Elyvilon
Fedhas
Gozag
Hepliaklqana
Kikubaaqudgha
Makhleb
Nemelex Xobeh
Okawaru
Qazlal
Ru
Sif Muna
Trog
Uskayaw
Vehumet
Wu Jian
Xom
Yredelemnul
Zin
The Shining One
Beogh
Jiyva

Shops:
D:6 [   D:12 ?   Orc:1 :   Orc:2 *((*   Elf:1 !   Elf:2 ?

Annotations:
D:12 Frances, Sonja
Lair:5 exclusion: oklob plant
Snake:1 Roxanne
Snake:2 1 runed translucent door, Flugslaktarn's ghost, journeyman DDFi
Slime:5 Royal Jelly
Elf:2 5 runed translucent doors, exclusion: 5 doors

,, ░ ░░ ,
▒.▒.....▒▒ ,
.........▒▒ ,
..........▒ ,
,,,..........▒▒▒ ,
............▒ , ,
,,,.......#☼##▒░ ,,
......##JJJ▒▒▒ ,,,
......#JJgJ#J▒▒ ,
,, ......JJJJJJ..▒▒
,
,....J..J☼JJJJ....
, .......##JGJJ....
░ ,
.........G..G.... ,
, .............G...
.........#.......,,
, ,
▒▒............... ,
░ , ,
▒▒........#..... ,
,


You could see the Royal Jelly (inner flame), 4 acid blobs, 11 azure jellies, a
great orb of eyes (inner flame), 2 slime creatures, a shining eye, 4 death
oozes, an eye of draining and a golden eye (inner flame).


Message History

The death ooze completely resists.
The azure jelly is engulfed in blazing flames.
The acid blob is engulfed in blazing flames.
The acid blob hits you!!
* * * LOW HITPOINT WARNING * * *
You are splashed with acid!
* * * LOW HITPOINT WARNING * * *
You are engulfed in blazing flames.
You resist.
* * * LOW HITPOINT WARNING * * *
The azure jelly is engulfed in blazing flames.
The azure jelly hits you.
* * * LOW HITPOINT WARNING * * *
The azure jelly freezes you! You resist.
* * * LOW HITPOINT WARNING * * *
You block the azure jelly's attack. You block the azure jelly's attack.
The azure jelly hits you!
* * * LOW HITPOINT WARNING * * *
The azure jelly is engulfed in blazing flames.
The azure jelly hits you!
* * * LOW HITPOINT WARNING * * *
The azure jelly freezes you! You resist.
* * * LOW HITPOINT WARNING * * *
You block the azure jelly's attack. You block the azure jelly's attack.
The azure jelly hits you.
You die...

Action                   |  1- 3 |  4- 6 |  7- 9 | 10-12 | 13-15 | 16-18 | 19-21 | 22-24 || total
-------------------------+-------+-------+-------+-------+-------+-------+-------+-------++-------
Melee: War axe           |    52 |   185 |   188 |       |       |       |   609 |   372 ||  1406
       Broad axe         |       |       |   103 |   440 |  1408 |  1107 |   657 |       ||  3715
       Battleaxe         |       |       |    76 |   174 |       |       |       |       ||   250
 Fire: Hunting sling     |    41 |    48 |    17 |    21 |       |       |       |       ||   127
       Hand crossbow     |       |       |       |    67 |   129 |    25 |    27 |    18 ||   266
Invok: Lesser Servant of |       |       |       |       |    14 |     5 |       |       ||    19
       Greater Servant o |       |       |       |       |     3 |       |     1 |     1 ||     5
 Abil: Heal Wounds       |       |     2 |    15 |    25 |    14 |     4 |     7 |     1 ||    68
       Evoke Flight      |       |       |       |       |       |       |     2 |       ||     2
Evoke: Wand              |       |       |     3 |     4 |     9 |       |       |       ||    16
  Use: Potion            |       |     1 |     3 |     2 |     4 |     3 |     6 |     3 ||    22
       Scroll            |       |       |    13 |    15 |    20 |     6 |    15 |     4 ||    73
 Stab: Paralysed         |       |       |     3 |     7 |       |       |       |       ||    10
       Sleeping          |       |       |     2 |       |       |       |       |       ||     2
       Distracted        |       |       |       |       |     2 |     1 |     2 |     1 ||     6
Armor: Scale mail        |    31 |    90 |       |       |       |       |       |       ||   121
       Chain mail        |       |    55 |   279 |   273 |   396 |       |       |       ||  1003
       Skin              |       |       |       |    23 |     4 |       |       |       ||    27
       Plate armour      |       |       |       |       |   165 |   441 |   513 |   205 ||  1324
Dodge: Dodged            |    18 |    55 |   153 |   250 |   517 |   324 |   423 |   175 ||  1915
       Repelled          |       |       |       |       |    20 |    43 |    14 |     9 ||    86
Block: Kite shield       |    40 |   117 |    42 |   304 |  1148 |   765 |   855 |   341 ||  3612
       Buckler           |       |       |    51 |       |       |       |       |       ||    51

Levels and vault maps discovered:
D:1:      ncdulo_watergridlock, layout_rooms
D:2:      layout_basic, lemuel_round_altar
D:3:      layout_basic, uniq_terence
D:4:      layout_loops_ring, old_standard_altar, lemuel_doored_altar,
          nicolae_overflow_hidden_temple
D:5:      layout_rooms, kennysheep_mini_moat, minmay_temple_entry_slanted
D:6:      layout_loops_corners, kennysheep_mini, serial_shops, shop,
          nrook_mini_vaults, minmay_misc_feat_encased
D:7:      layout_basic, overflow_temple_1_default, grunt_dithmenos_smoke
D:8:      layout_basic, uniq_grum
D:9:      layout_loops_ring, minitemple, david_lair_shrubbed, erik_orc_3,
          hangedman_decor_points, uniq_maurice
D:10:     layout_big_octagon
D:11:     layout_loops_ring
D:12:     layout_basic, serial_shops, shop, uniq_rupert, uniq_sonja,
          uniq_frances
D:13:     layout_roguey, david_vaults_2, minivault_23
D:14:     layout_basic, okawaru_ov_weapons_minmay, basic_altar
D:15:     gammafunk_depths_entry_grave, layout_basic,
          hangedman_decor_clover_reticule, uniq_agnes
Temple:   compressed_dpeg_triangle_lava_temple
Lair:1:   layout_hall_layers
Lair:2:   layout_regular_city, minmay_snake_entry_guardpost_small
Lair:3:   layout_big_grid, gauntlet_entry_generic,
          chequers_serial_rivers_micro_b, roderic_batcave,
          infiniplex_staircase_pool
Lair:4:   layout_cave_pods, minmay_shoals_entry_centaurs, serial_bayou_shore_a,
          grunt_megastairs_3
Lair:5:   layout_hall_layers, slime_altar_1, cheibrodos_lair_reptile_den,
          minmay_lair_oklob_chamber
Lair:6:   hangedman_lair_in_review, layout_gridlike,
          hangedman_lair_tendril_chambers
Shoals:1: layout_shoals, st_sunken_huts, uniq_jorgrun, uniq_nikola
Shoals:2: layout_shoals, uniq_donald
Shoals:3: gammafunk_the_bubble [the_bubble_gammafunk_plus_minus], layout_shoals,
          uniq_ilsuiw
Shoals:4: shoals_end_grunt_ice, layout_shoals, nicolae_shoals_dead_sea_scrolls
Snake:1:  layout_honeycomb, uniq_roxanne
Snake:2:  layout_layer_cave, gammafunk_ghost_grave
Snake:3:  layout_grid_maze, library_closet, uniq_vashnia, uniq_kirke
Snake:4:  grunt_snake_rune_pools, layout_basic
Slime:1:  cheibrodos_slime_lost_civilization_3, layout_caves
Slime:2:  layout_caves
Slime:3:  layout_caves
Slime:4:  layout_caves, uniq_dissolution
Slime:5
Orc:1:    layout_caves, basic_altar, serial_shops, nicolae_shop_trees
Orc:2:    st_orc_mages, layout_diamond_mine, uniq_urug
Elf:1:    eino_elf_arrival_the_gate, layout_gridlike, serial_shops,
          nicolae_shop_statue_plus, hangedman_elf_disciples, item_on_display_a
Elf:2:    layout_onion_city, serial_shops, nicolae_shop_waterfront, uniq_azrael
Elf:3:    elf_hall, layout_rooms
Vaults:1: hangedman_vaults_slice, grunt_vaults_bifocal, vaults_mumra_minichess,
          hangedman_vaults_locks, vaults_room_stairs_pillars,
          nicolae_vaults_yaktaur_gun_rack, hangedman_vaults_slice,
          nicolae_vaults_alarming, vaults_dpeg_ring, layout_vaults_omnigrid
Vaults:2: v_misc_33, minmay_crypt_entry_simple_round,
          nicolae_vaults_network_barrier, vaults_room_boxed,
          ontoclasm_vaults_spin, v_pattern_3, vaults_room_semicircle,
          vaults_room_corners, vaults_room_door_ring, vaults_mumra_lcd,
          st_check, layout_vaults_big_room
Vaults:3: nicolae_vaults_stairing_the_circle, v_pattern_4, v_misc_29, v_misc_11,
          hangedman_vaults_impose, st_more_cells, ontoclasm_vaults_eye,
          v_misc_26, ontoclasm_vaults_ring_small,
          ontoclasm_vaults_loading_screen, ontoclasm_vaults_shuriken, v_misc_22,
          v_misc_16, layout_vaults_big_cross
Vaults:4: v_rooms_2, vaults_room_door_ring, ontoclasm_vaults_hangar, v_misc_10,
          vaults_mumra_minichess_inversion, nicolae_vaults_specimen_jars,
          v_pattern_2, nicolae_vaults_back_hallway, v_alt_pattern_2,
          serial_ice_b, layout_vaults_ring, serial_shops, bzr_entry_lakeside,
          uniq_bai_suzhen
Vaults:5: serial_shops

Notes
Turn   | Place    | Note
-------+----------+-------------------------------------------
     0 | D:1      | gbos the Deep Dwarf Fighter began the quest for the Orb.
     0 | D:1      | Reached XP level 1. HP: 20/20 MP: 1/1
   168 | D:1      | Reached skill level 3 in Fighting
   169 | D:1      | Reached XP level 2. HP: 28/28 MP: 2/2
   424 | D:2      | Reached skill level 3 in Axes
   566 | D:2      | Found an ornate altar of the Wu Jian Council.
   664 | D:2      | Reached XP level 3. HP: 26/34 MP: 3/3
   866 | D:3      | Reached XP level 4. HP: 28/44 MP: 4/4
   923 | D:3      | Reached skill level 4 in Axes
   935 | D:3      | Noticed Terence
   950 | D:3      | Reached skill level 4 in Fighting
   951 | D:3      | Killed Terence
   988 | D:3      | Reached XP level 5. HP: 16/50 MP: 5/5
  1829 | D:4      | Reached skill level 1 in Evocations
  1870 | D:4      | Found a stormy altar of Qazlal.
  1898 | D:4      | Found a shimmering blue altar of Sif Muna.
  2029 | D:4      | Found an opulent altar of Gozag.
  2364 | D:4      | Reached skill level 5 in Axes
  2364 | D:4      | Reached XP level 6. HP: 39/58 MP: 5/5
  2558 | D:5      | Entered Level 5 of the Dungeon
  2558 | D:5      | Noticed a sky beast
  2573 | D:4      | Killed a sky beast
  2573 | D:4      | Reached skill level 2 in Evocations
  2708 | D:4      | Reached skill level 5 in Fighting
  2708 | D:4      | Reached skill level 3 in Evocations
  2859 | D:5      | Reached XP level 7. HP: 28/67 MP: 6/6
  2902 | D:5      | Found an iron altar of Okawaru.
  2942 | D:5      | HP: 16/67 [ogre/+0 giant club (12)]
  2948 | D:5      | Reached skill level 4 in Evocations
  2962 | D:5      | Reached skill level 6 in Axes
  3094 | D:5      | Found a staircase to the Ecumenical Temple.
  3125 | Temple   | Entered the Ecumenical Temple
  3421 | D:5      | HP: 20/67 [white imp/puff of frost (7)]
  3425 | D:5      | HP: 2/67 [white imp/puff of frost (9)]
  3701 | D:6      | Reached skill level 5 in Evocations
  3734 | D:6      | Reached skill level 6 in Fighting
  3734 | D:6      | Reached XP level 8. HP: 45/76 MP: 6/6
  3887 | D:6      | Reached skill level 6 in Evocations
  3912 | D:6      | Reached skill level 7 in Axes
  3972 | D:6      | Found Xaesch's Armour Emporium.
  4194 | D:6      | Found a blossoming altar of Fedhas.
  4719 | D:7      | Reached skill level 7 in Fighting
  4815 | D:7      | Reached skill level 8 in Axes
  4844 | D:7      | Found a shadowy altar of Dithmenos.
  5018 | D:7      | Found a sparkling altar of Nemelex Xobeh.
  5214 | D:8      | Noticed Grum
  5224 | D:8      | Gained mutation: You passively map the area around you.
                  | [Deep Dwarf growth]
  5224 | D:8      | Reached XP level 9. HP: 40/86 MP: 7/7
  5232 | D:8      | Killed Grum
  5273 | D:8      | Noticed a troll
  5275 | D:8      | Reached skill level 9 in Axes
  5289 | D:8      | Reached skill level 8 in Fighting
  5295 | D:8      | HP: 22/88 [troll (13)]
  5303 | D:8      | Killed a troll
  5313 | D:8      | HP: 22/88 [wight/+3 battleaxe (8)]
  5754 | D:8      | Reached skill level 4 in Armour
  5774 | D:8      | Reached skill level 10 in Axes
  6157 | D:9      | Noticed a two-headed ogre
  6166 | D:9      | Killed a two-headed ogre
  6166 | D:9      | Reached skill level 9 in Fighting
  6166 | D:9      | Reached skill level 5 in Armour
  6166 | D:9      | Reached XP level 10. HP: 60/99 MP: 8/8
  6250 | D:9      | Reached skill level 6 in Armour
  6281 | D:9      | Reached skill level 11 in Axes
  6309 | D:9      | Found a staircase to the Orcish Mines.
  6383 | D:9      | HP: 28/100 [orc warrior/cursed -2 morningstar (12)]
  6529 | D:9      | Found a glowing golden altar of the Shining One.
  6547 | D:9      | HP: 30/100 [killer bee (2)]
  6557 | D:9      | Found an ancient bone altar of Kikubaaqudgha.
  6561 | D:9      | Found a white marble altar of Elyvilon.
  6562 | D:9      | Found a hazy altar of Hepliaklqana.
  6563 | D:9      | Found a burning altar of Makhleb.
  6569 | D:9      | Became a worshipper of Makhleb the Destroyer
  6605 | D:9      | Noticed Maurice
  6614 | D:9      | Killed Maurice
  6614 | D:9      | Reached skill level 10 in Fighting
  6913 | D:9      | Found a staircase to the Lair.
  6938 | D:9      | HP: 26/102 [komodo dragon (13)]
  7018 | D:10     | Entered Level 10 of the Dungeon
  7042 | D:9      | HP: 28/103 [yak (9)]
  7044 | D:9      | HP: 10/103 [yak (8)]
  7070 | D:10     | Reached skill level 12 in Axes
  7170 | Orc:1    | Entered Level 1 of the Orcish Mines
  7226 | Lair:1   | Entered Level 1 of the Lair of Beasts
  7232 | D:9      | Reached XP level 11. HP: 56/110 MP: 5/5
  7720 | Lair:1   | Identified a scroll of acquirement
  7720 | Lair:1   | Acquired the +1 kite shield of Responsibility {Slay+3}
  8202 | D:9      | Reached skill level 4 in Shields
  8221 | D:9      | Reached skill level 5 in Shields
  8591 | Lair:2   | Reached * piety under Makhleb
  8591 | Lair:2   | Reached skill level 6 in Shields
  8646 | Lair:2   | Found a staircase to the Snake Pit.
  8787 | Lair:2   | Reached skill level 7 in Shields
  8806 | Lair:2   | Reached skill level 8 in Shields
  8983 | Lair:2   | Reached skill level 9 in Shields
  9461 | Lair:3   | Reached skill level 10 in Shields
  9470 | Lair:3   | Reached ** piety under Makhleb
  9547 | Lair:3   | Found a gate leading to a gauntlet.
  9569 | Gauntlet | Entered a Gauntlet
  9569 | Gauntlet | Found a transporter.
  9569 | Gauntlet | Found a transporter.
  9570 | Gauntlet | Found a transporter.
  9571 | Gauntlet | Found a transporter.
  9571 | Gauntlet | Found a transporter.
  9574 | Gauntlet | Found a transporter.
  9574 | Gauntlet | Noticed a wizard
  9580 | Gauntlet | Noticed a fire crab
  9581 | Gauntlet | Found a transporter.
  9582 | Gauntlet | Found a transporter.
  9583 | Gauntlet | Found a transporter.
  9585 | Gauntlet | Found a transporter.
  9587 | Gauntlet | Noticed a wretched star
  9659 | Gauntlet | Noticed a balrug
  9677 | Gauntlet | Found a transporter.
  9686 | Gauntlet | Found a transporter.
 10432 | Lair:4   | Reached skill level 11 in Shields
 10432 | Lair:4   | Reached XP level 12. HP: 114/118 MP: 4/4
 10921 | Lair:4   | Identified the cursed -1 kite shield of Pathos {Int+2
                  | Dex+2} (You found it on level 4 of the Lair of Beasts)
 10961 | Lair:4   | Found a staircase to the Shoals.
 11533 | Lair:5   | Reached skill level 12 in Shields
 11557 | Lair:5   | Reached *** piety under Makhleb
 11765 | Lair:5   | Reached skill level 13 in Shields
 11960 | Lair:5   | Found a viscous altar of Jiyva.
 11960 | Lair:5   | Found a staircase to the Slime Pits.
 12156 | Lair:5   | Reached skill level 14 in Shields
 12182 | Lair:5   | Noticed a seven-headed hydra
 12200 | Lair:5   | Killed a seven-headed hydra
 12665 | D:10     | Identified a potion of resistance
 13268 | D:11     | Reached skill level 15 in Shields
 13270 | D:11     | Reached **** piety under Makhleb
 13270 | D:11     | Reached skill level 1 in Invocations
 13393 | D:11     | Noticed a six-headed hydra
 13407 | D:11     | Killed a six-headed hydra
 13407 | D:11     | Reached skill level 3 in Invocations
 13407 | D:11     | Reached XP level 13. HP: 113/124 MP: 5/7
 13533 | D:11     | Reached skill level 4 in Invocations
 13849 | D:12     | Reached skill level 5 in Invocations
 13895 | D:12     | Reached skill level 6 in Invocations
 13898 | D:12     | Noticed Rupert
 13910 | D:12     | HP: 31/124 [Rupert/+0 great mace of draining (24)]
 13916 | D:12     | Killed Rupert
 13916 | D:12     | Reached skill level 7 in Invocations
 14051 | D:12     | Found Kuif's Magic Scroll Boutique.
 14055 | D:12     | Bought a scroll of silence for 97 gold pieces
 14074 | D:12     | Bought a scroll of blinking for 97 gold pieces
 14194 | D:12     | Reached skill level 8 in Invocations
 14203 | D:12     | Noticed Frances
 14204 | D:12     | Noticed Sonja
 14217 | D:12     | HP: 25/124 [Frances/iron shot (42)]
 14228 | D:12     | HP: 36/124 [Frances/+1 vorpal mace (11)]
 14539 | Lair:6   | Entered Level 6 of the Lair of Beasts
 14623 | Lair:5   | Reached skill level 9 in Invocations
 14731 | Lair:6   | Reached skill level 10 in Invocations
 14831 | Lair:6   | Reached skill level 11 in Invocations
 14918 | Lair:6   | Reached skill level 12 in Invocations
 15169 | Lair:6   | Reached ***** piety under Makhleb
 15169 | Lair:6   | Reached skill level 13 in Invocations
 15650 | Lair:6   | Reached skill level 14 in Invocations
 15650 | Lair:6   | Gained mutation: You resist negative energy. (rN+) [Deep
                  | Dwarf growth]
 15650 | Lair:6   | Reached XP level 14. HP: 99/133 MP: 14/14
 15863 | Lair:6   | Reached skill level 11 in Fighting
 15889 | Lair:6   | Reached skill level 7 in Armour
 16110 | Lair:6   | Noticed an Executioner
 16249 | Lair:6   | HP: 40/135 [seven-headed hydra (10)]
 16500 | Lair:6   | Reached skill level 8 in Armour
 16519 | Lair:6   | Got a twisted long sword
 16520 | Lair:6   | Identified the +8 long sword of Fragile Peace {antimagic,
                  | rPois rN+ MR+++ Str-5} (You found it on level 6 of the Lair
                  | of Beasts)
 17072 | D:13     | Found a gate to the Vaults.
 17380 | D:13     | Reached skill level 9 in Armour
 17562 | D:14     | Reached skill level 12 in Fighting
 17705 | D:14     | Found a sacrificial altar of Ru.
 17852 | D:14     | Found an iron altar of Okawaru.
 17987 | D:14     | Reached skill level 10 in Armour
 18536 | D:15     | Entered Level 15 of the Dungeon
 18628 | D:15     | Noticed Agnes
 18639 | D:15     | Killed Agnes
 18689 | D:15     | Found a staircase to the Depths.
 18701 | D:15     | Reached XP level 15. HP: 113/146 MP: 14/14
 18772 | D:15     | Reached skill level 11 in Armour
 18981 | D:15     | Reached skill level 13 in Fighting
 19357 | Orc:1    | Found Ucegiappu's Book Shoppe.
 19744 | Orc:1    | Found a roughly hewn altar of Beogh.
 19877 | Orc:2    | Entered Level 2 of the Orcish Mines
 19987 | Orc:2    | Found a staircase to the Elven Halls.
 19990 | Orc:2    | Noticed Urug
 20015 | Orc:2    | Killed Urug
 20727 | Orc:2    | Reached ****** piety under Makhleb
 21142 | Orc:2    | Found Zukeff's Antique Weapon Emporium.
 21142 | Orc:2    | Found Qevirr's Assorted Antiques.
 21143 | Orc:2    | Found Meojumul's Weapon Shoppe.
 21146 | Orc:2    | Found Zual's Assorted Antiques.
 21160 | Orc:2    | Bought a distressingly furry helmet for 294 gold pieces
 21170 | Orc:2    | Identified the cursed +0 helmet of Beyond {rPois rC+ Str+4}
                  | (You bought it in a shop on level 2 of the Orcish Mines)
 21173 | Orc:2    | Bought a scroll of identify for 72 gold pieces
 21173 | Orc:2    | Bought a viscous red potion for 32 gold pieces
 21178 | Orc:2    | Bought a potion of heal wounds for 155 gold pieces
 21178 | Orc:2    | Bought a glowing battleaxe for 294 gold pieces
 21539 | Snake:1  | Entered Level 1 of the Snake Pit
 21632 | Snake:1  | Reached skill level 15 in Invocations
 21970 | Snake:1  | Identified Roxanne's Handbook of Transmigration
 21970 | Snake:1  | Noticed Roxanne
 22006 | Snake:1  | Reached skill level 16 in Invocations
 22770 | Snake:2  | Identified the +8 trident of Cintus {vorpal, rF+ Str+4}
 23165 | Snake:2  | Reached skill level 12 in Armour
 23171 | Snake:2  | Reached skill level 13 in Axes
 23232 | Snake:2  | Found a runed translucent door.
 23236 | Snake:2  | Noticed Flugslaktarn's ghost (journeyman DDFi)
 23534 | Snake:3  | Reached XP level 16. HP: 149/158 MP: 16/16
 23588 | Snake:3  | Identified Liwkoach's Guide on Ice and Flight
 23753 | Snake:3  | Noticed Kirke
 23764 | Snake:3  | Killed Kirke
 24030 | Snake:3  | Noticed Vashnia
 24039 | Snake:3  | Reached skill level 14 in Fighting
 24055 | Snake:3  | HP: 47/159 [Vashnia/arrow (28)]
 24061 | Snake:3  | Killed Vashnia
 24072 | Snake:3  | Reached skill level 14 in Axes
 24319 | Snake:4  | Entered Level 4 of the Snake Pit
 24588 | Snake:4  | Reached skill level 15 in Axes
 24715 | Snake:4  | Reached skill level 15 in Fighting
 24909 | Snake:4  | Identified a +2 robe of resistance
 25233 | Snake:4  | Reached XP level 17. HP: 170/170 MP: 16/16
 25331 | Snake:4  | Reached skill level 16 in Axes
 25353 | Snake:4  | Got a serpentine rune of Zot
 26493 | Elf:1    | Entered Level 1 of the Elven Halls
 26600 | Elf:1    | Found Cosef's Distillery.
 26607 | Elf:1    | Bought a potion of resistance for 160 gold pieces
 26607 | Elf:1    | Bought a potion of haste for 160 gold pieces
 26607 | Elf:1    | Bought a potion of curing for 48 gold pieces
 26607 | Elf:1    | Bought a potion of berserk rage for 80 gold pieces
 26607 | Elf:1    | Bought a potion of might for 64 gold pieces
 26607 | Elf:1    | Bought a potion of lignification for 48 gold pieces
 26661 | Elf:1    | Reached skill level 16 in Fighting
 27395 | Elf:2    | Found Guchusy's Magic Scroll Shop.
 27509 | Elf:2    | Reached skill level 17 in Axes
 27550 | Elf:2    | Noticed Azrael
 27566 | Elf:2    | Killed Azrael
 27739 | Elf:2    | Found a huge runed translucent gate.
 27739 | Elf:2    | Found a huge runed translucent gate.
 27739 | Elf:2    | Found a huge runed translucent gate.
 27739 | Elf:2    | Found a huge runed translucent gate.
 27739 | Elf:2    | Found a huge runed translucent gate.
 27974 | Elf:2    | Bought 2 scrolls of blinking for 270 gold pieces
 27974 | Elf:2    | Bought a scroll of fog for 36 gold pieces
 27974 | Elf:2    | Bought a scroll of identify for 36 gold pieces
 27974 | Elf:2    | Bought a scroll of fog for 36 gold pieces
 28153 | Elf:3    | Entered Level 3 of the Elven Halls
 28416 | Elf:3    | Noticed a deep elf blademaster
 28419 | Elf:3    | Noticed a Tzitzimitl
 28423 | Elf:3    | Noticed a deep elf blademaster
 28703 | Vaults:1 | Entered Level 1 of the Vaults
 28779 | Vaults:1 | Gained mutation: You passively map a large area around you.
                  | [Deep Dwarf growth]
 28779 | Vaults:1 | Reached XP level 18. HP: 183/183 MP: 17/17
 28924 | Vaults:1 | Reached skill level 17 in Fighting
 29013 | Vaults:1 | Reached skill level 18 in Axes
 30586 | Vaults:2 | Identified the +4 morningstar of Blood-Lust {speed, +Inv
                  | +Fly Str+4 Stlth+}
 30616 | Vaults:2 | Reached skill level 13 in Armour
 31243 | Vaults:2 | Noticed a lich
 31252 | Vaults:2 | Killed a lich
 31252 | Vaults:2 | Reached XP level 19. HP: 194/194 MP: 6/18
 31469 | Vaults:3 | Reached skill level 19 in Axes
 31701 | Vaults:3 | Reached skill level 14 in Armour
 31905 | Vaults:3 | Reached skill level 18 in Fighting
 32880 | Vaults:4 | Found a flickering gateway to a bazaar.
 32910 | Bazaar   | Entered a bazaar
 32913 | Bazaar   | Found Caybaenk's Armour Shop.
 32941 | Bazaar   | Found Aterul's General Store.
 32946 | Bazaar   | Bought a potion of cancellation for 88 gold pieces
 32946 | Bazaar   | Bought a scroll of teleportation for 33 gold pieces
 32946 | Bazaar   | Bought a scroll of identify for 22 gold pieces
 32946 | Bazaar   | Bought a scroll of magic mapping for 38 gold pieces
 32972 | Bazaar   | Found Vajif's Gadget Shop.
 32972 | Bazaar   | Found Toimonat's Antique Armour Boutique.
 33098 | Vaults:4 | Identified +0 fire dragon scales
 33339 | Vaults:4 | Reached skill level 15 in Armour
 33417 | Vaults:4 | HP: 54/196 [flayed ghost/flay_damage[a death knight] (20)]
 33579 | Vaults:4 | Noticed Bai Suzhen
 33591 | Vaults:4 | Killed Bai Suzhen
 33609 | Vaults:4 | Reached XP level 20. HP: 206/206 MP: 19/19
 33634 | Vaults:4 | Reached skill level 20 in Axes
 34142 | Vaults:5 | Entered Level 5 of the Vaults
 34148 | Vaults:5 | Reached skill level 16 in Armour
 34148 | Vaults:5 | Reached skill level 19 in Fighting
 34175 | Vaults:4 | HP: 55/210 [storm dragon (8)]
 34286 | Vaults:5 | Noticed an ancient lich
 34301 | Vaults:5 | Noticed a golden dragon
 34307 | Vaults:4 | Killed an ancient lich
 34307 | Vaults:4 | Reached skill level 20 in Fighting
 34338 | Vaults:5 | Killed a golden dragon
 34458 | Vaults:5 | HP: 56/213 [ironheart preserver/exploding inner flame[the
                  | player character] (28)]
 34459 | Vaults:5 | HP: 24/213 [cloud of flame (6)]
 34464 | Vaults:5 | HP: 60/213 [ironbrand convoker/+0 great mace[a vault
                  | warden] (3)]
 34464 | Vaults:5 | HP: 25/213 [ettin/+1 great mace of protection (5)]
 34466 | Vaults:5 | Reached XP level 21. HP: 163/220 MP: 18/18
 34466 | Vaults:5 | Reached skill level 21 in Fighting
 34476 | Vaults:5 | Identified the cursed +2 shortbow of Xawip {speed, rElec}
 34765 | Vaults:5 | Found the +0 mask of the Dragon {MR+ Slay+3 SInv}
 34774 | Vaults:5 | Found the +11 plutonium sword {*Contam Stlth-}
 34787 | Vaults:5 | Identified the +7 war axe of Superiority {speed, rC+ rN+}
                  | (You found it on level 5 of the Vaults)
 35019 | Vaults:5 | Got a silver rune of Zot
 35247 | Vaults:5 | Identified the cursed +1 shortbow "Atoaroam" {flame, rElec}
                  | (You found it on level 5 of the Vaults)
 35651 | Vaults:1 | Noticed a caustic shrike
 35665 | Vaults:1 | Killed a caustic shrike
 35938 | Shoals:1 | Entered Level 1 of the Shoals
 36086 | Shoals:2 | Noticed Donald
 36110 | Shoals:2 | Killed Donald
 36214 | Shoals:3 | Found a transporter.
 36253 | Shoals:3 | Found a transporter.
 36325 | Shoals:3 | Identified the ring of Zoac {rC- rN++ Int+4 SInv}
 36355 | Shoals:4 | Entered Level 4 of the Shoals
 36460 | Shoals:4 | Reached skill level 22 in Fighting
 36772 | Shoals:4 | Got a barnacled rune of Zot
 36877 | Shoals:4 | Identified the ring of Fitreh {rF+ Str+6} (You found it on
                  | level 4 of the Shoals)
 37309 | Shoals:4 | Identified the cursed +0 chain mail "Coal" {-Cast Str+6}
                  | (You found it on level 4 of the Shoals)
 38419 | Shoals:3 | Noticed Ilsuiw
 38486 | Shoals:3 | Killed Ilsuiw
 38486 | Shoals:3 | Reached XP level 22. HP: 237/237 MP: 19/19
 39032 | Shoals:1 | Noticed Nikola
 39045 | Shoals:1 | Killed Nikola
 39052 | Shoals:1 | Identified a +2 robe of resistance
 39052 | Shoals:1 | Noticed Jorgrun
 39073 | Shoals:1 | Killed Jorgrun
 39084 | Shoals:1 | Reached skill level 23 in Fighting
 39775 | Slime:1  | Entered Level 1 of the Pits of Slime
 39936 | Slime:2  | Gained mutation: Your magical capacity is low. (-10% MP) [a
                  | shining eye]
 40963 | Slime:4  | Gained mutation: You are clumsy. (Dex -2) [a shining eye]
 40966 | Slime:4  | Gained mutation: You occasionally shout uncontrollably at
                  | your foes. [a shining eye]
 40975 | Slime:4  | Gained mutation: Your magical capacity is very low. (-20%
                  | MP) [a shining eye]
 40975 | Slime:4  | Gained mutation: You are weak. (Str -2) [a shining eye]
 40976 | Slime:4  | Gained mutation: You tend to lose your temper in combat. [a
                  | shining eye]
 40995 | Slime:4  | Gained mutation: Armour fits poorly on your strangely
                  | shaped body. [a shining eye]
 41249 | Slime:5  | Entered Level 5 of the Pits of Slime
 41261 | Slime:5  | Noticed the Royal Jelly
 41809 | Slime:5  | HP: 95/361 [death ooze[the Royal Jelly] (14)]
 41812 | Slime:5  | HP: 32/361 [acid blob[the Royal Jelly] (17)]
 41813 | Slime:5  | HP: 13/361 [azure jelly (7)]
 41813 | Slime:5  | HP: 1/361 [azure jelly[the Royal Jelly] (8)]
 41813 | Slime:5  | Slain by an azure jelly

Vanquished Creatures
  An ancient lich (Vaults:4)
  Vashnia (Snake:3)
  Bai Suzhen (Vaults:4)
  A golden dragon (Vaults:5)
  A caustic shrike (shapeshifter) (Vaults:1)
  Jorgrun (Shoals:1)
  4 liches
  8 titans
  Rupert (D:12)
  4 sphinxes
  8 acid blobs
  3 tengu reavers
  2 storm dragons
  Donald (Shoals:2)
  A revenant (Vaults:2)
  Ilsuiw (Shoals:3)
  10 nagarajas
  6 azure jellies
  A frost giant (Vaults:5)
  A deep elf sorcerer (Elf:1)
  3 fire giants
  19 vault wardens
  13 ironheart preservers
  3 war gargoyles (Vaults:5)
  A deep elf elementalist (Elf:3)
  A very ugly thing (Vaults:5)
  13 stone giants
  2 entropy weavers (Vaults:4)
  Azrael (Elf:2)
  2 deep elf annihilators
  An eidolon (Vaults:2)
  7 ettins
  A deep elf death mage (Elf:3)
  4 merfolk javelineers
  6 great orbs of eyes
  A fire dragon (Vaults:4)
  2 death oozes
  7 merfolk impalers
  3 deep elf high priests
  A crystal guardian (Vaults:3)
  11 yaktaur captains
  38 vault guards
  2 rakshasas (Vaults:3)
  7 naga warriors
  6 centaur warriors
  A catoblepas (Lair:6)
  5 hydras
  9 merfolk aquamancers
  6 merfolk avatars
  11 anacondas
  8 dancing weapons
  4 death knights
  21 two-headed ogres
  2 deep troll earth magi (Vaults:1)
  5 satyrs
  5 death yaks (Lair:6)
  A vampire mage (D:15)
  5 orc high priests (Orc:2)
  18 naga sharpshooters
  Urug (Orc:2)
  11 ogre magi
  7 shock serpents
  8 deep elf knights
  4 salamander mystics
  3 unseen horrors
  A skeletal warrior (D:15)
  20 sea snakes
  7 naga ritualists
  9 deep trolls
  3 wizards
  3 flayed ghosts
  A tengu zombie (D:15)
  21 ironbrand convokers
  A lindwurm (Lair:6)
  A kraken simulacrum (Shoals:4)
  12 orc knights
  A wolf spider zombie (D:15)
  4 phantasmal warriors (Vaults:5)
  31 harpies
  3 orc sorcerers
  5 mana vipers
  A necromancer (D:15)
  11 deep elf archers
  3 shining eyes
  7 cyclopes
  A faun (shapeshifter) (D:13)
  A mana viper (shapeshifter) (Vaults:4)
  17 manticores
  9 fauns (Shoals:2)
  39 deep elf magi
  4 wolf spiders
  3 centaur zombies
  16 ugly things
  16 salamanders
  16 elephants
  9 naga magi
  7 merfolk sirens
  A stone giant zombie (D:15)
  Maurice (D:9)
  16 vault sentinels
  35 black mambas
  6 guardian serpents
  4 water nymphs
  5 gargoyles (D:14)
  14 cane toads
  27 yaktaurs
  4 rime drakes
  7 komodo dragons
  A komodo dragon (shapeshifter) (D:13)
  A queen bee (shapeshifter) (D:14)
  5 freezing wraiths
  A merfolk (shapeshifter) (Vaults:5)
  6 trolls
  A wind drake (shapeshifter) (Vaults:1)
  A polar bear (shapeshifter) (Vaults:5)
  A spriggan zombie (D:15)
  8 wind drakes
  32 merfolk
  3 polar bears
  A hornet (shapeshifter) (Vaults:1)
  A hippogriff (shapeshifter) (Vaults:5)
  6 hornets
  3 dream sheep
  9 blink frogs
  5 hippogriffs
  11 snapping turtles
  54 slime creatures
  2 redbacks (shapeshifter)
  5 redbacks
  3 yaks (shapeshifter)
  6 fire elementals
  A shadow (D:14)
  A tarantella (Vaults:4)
  12 wyverns
  47 yaks
  A basilisk (shapeshifter) (Vaults:3)
  4 wraiths
  2 hogs (Snake:3)
  4 basilisks
  10 water elementals
  2 golden eyes (Slime:5)
  A hog (shapeshifter) (Vaults:5)
  Grum (D:8)
  4 vampire mosquitoes (D:14)
  6 wargs
  47 nagas
  22 water moccasins
  3 acid dragons
  A soldier ant (D:10)
  13 porcupines
  A hell hound (Elf:2)
  2 necrophages
  37 orc warriors
  4 eyes of draining
  8 ice beasts
  2 phantoms
  A black bear (Lair:3)
  2 sky beasts
  A boggart (Elf:1)
  7 wolves
  32 ogres
  30 centaurs
  9 crocodiles
  An elf simulacrum (Vaults:1)
  A big kobold (D:11)
  16 bullfrogs
  A gnoll sergeant (D:8)
  2 earth elementals (Elf:1)
  A wyvern zombie (D:14)
  A glowing shapeshifter simulacrum (Vaults:1)
  2 water moccasin zombies
  A water moccasin skeleton (D:3)
  5 scorpions
  9 killer bees
  19 wights
  4 electric eels
  8 howler monkeys
  3 quasits
  39 orc wizards
  5 jellies
  5 hounds
  31 orc priests
  A wyvern simulacrum (D:15)
  5 centaur skeletons
  Terence (D:3)
  3 iguanas
  3 worker ants
  A hound zombie (D:11)
  A howler monkey zombie (D:7)
  8 gnolls
  3 worker ant zombies
  14 adders
  2 white imps
  2 ufetubi
  An ooze (D:6)
  2 worms
  2 leopard geckos
  114 orcs
  3 giant cockroaches
  6 goblins
  11 hobgoblins
  4 jackals
  7 kobolds
  2 quokkas
  A ball python (D:2)
  15 bats
  5 frilled lizards
  A giant cockroach zombie (D:5)
  A leopard gecko zombie (D:8)
  3 rats
  2 plants (Shoals:4)
  A tentacle (Shoals:4)
1613 creatures vanquished.

Vanquished Creatures (collateral kills)
  Nikola (Shoals:1)
  Agnes (D:15)
  Kirke (Snake:3)
  A two-headed ogre (Vaults:4)
  4 death yaks (Lair:6)
  A deep troll earth mage (Vaults:4)
  A naga sharpshooter (Snake:2)
  A skeletal warrior (D:15)
  2 deep trolls (Vaults:4)
  A lindwurm (Lair:6)
  2 fauns (Shoals:1)
  A harpy (Vaults:4)
  A salamander (Snake:2)
  A fire giant zombie (D:15)
  2 dream sheep (Lair:6)
  A redback (Vaults:4)
  A wyvern (Lair:6)
  3 vampire mosquitoes (D:15)
  2 hogs (Snake:3)
  2 nagas (Snake:2)
  An orc warrior (Orc:1)
  An ogre (Vaults:4)
  2 orcs
34 creatures vanquished.

Vanquished Creatures (others)
  An ice dragon (Vaults:2)
  A vault guard (Vaults:5)
  A naga sharpshooter (Snake:3)
  A black mamba (Lair:6)
  A centaur (Vaults:1)
  38 fungi
  99 plants
  3 tentacles (Shoals:4)
  5 withered plants
150 creatures vanquished.

Grand Total: 1797 creatures vanquished
